 Dungeon Crawl Stone Soup version 0.28-a0-643-g84cb2ea78e (webtiles) character file.

Game seed: 8255288592826361916

184188 porpoise the Eclecticist (level 17, -1/92 HPs)
             Began as a Deep Elf Conjurer on Oct 10, 2021.
             Was a High Priest of Vehumet.
             Killed from afar by Kesiemad's ghost (26 damage)
             ... with a lance of force
             ... on level 3 of the Snake Pit on Oct 11, 2021.
             The game lasted 04:47:51 (59522 turns).

porpoise the Eclecticist (Deep Elf Conjurer)       Turns: 59522, Time: 04:47:52

Health: -1/92      AC:  9    Str: 10    XL:     17   Next: 38%
Magic:  49/57      EV: 15    Int: 27    God:    Vehumet [*****.]
Gold:   592        SH:  7    Dex: 19    Spells: 3/48 levels left

rFire   + + .      SeeInvis .   a - staff of conjuration
rCold   + + +      Faith    .   S - +1 buckler of the World {Will++}
rNeg    + + .      Spirit   .   l - +0 acid dragon scales
rPois   +          Reflect  .   r - -2 hat of the Alchemist {rElec rPois rF+ rC+ rN+ Will+ rMut rCorr}
rElec   +          Harm     .   T - scarf {rC+ rF+}
rCorr   +          Rampage  .   m - +1 pair of gloves {Dex+3}
rMut    +                       y - +1 pair of boots {Fly}
Will    ++++.                   t - amulet "Jietakleugh" {RegenMP rN+ MP+9}
Stlth   +++++.....              R - ring of magical power
HPRegen 0.25/turn               J - ring "Winodume" {rC+ Str+2 Dex+3 Stlth+}
MPRegen 0.60/turn

@: flying, very slightly contaminated
A: no striking features
}: 1/15 runes: serpentine
a: Renounce Religion


You were on level 3 of the Snake Pit.
You worshipped Vehumet.
Vehumet was extremely pleased with you.
You visited 5 branches of the dungeon, and saw 28 of its levels.
You also visited: Sewer and Gauntlet.

You collected 3635 gold pieces.
You spent 3043 gold pieces at shops.

Inventory:

Hand Weapons
 b - the +5 hunting sling "Spider's Regret" {freeze, rElec Will++ Dex-5 Stlth+}
   (You found it on level 4 of the Snake Pit)

   Any ammunition fired from it freezes those it strikes, dealing additional
   cold damage.
   It can also slow down cold-blooded creatures.
   Dex:       It affects your dexterity (-5).
   rElec:     It insulates you from electricity.
   Will:      It greatly increases your willpower.
   Stlth:     It makes you more stealthy.
Missiles
 c - 2 boomerangs of dispersal
 i - 3 curare-tipped darts (quivered)
 k - 164 sling bullets
Armour
 l - +0 acid dragon scales (worn)
 m - a +1 pair of gloves of dexterity (worn)
 r - the -2 hat of the Alchemist (worn) {rElec rPois rF+ rC+ rN+ Will+ rMut rCorr}
   (You found it in a Gauntlet)

   rF:        It protects you from fire.
   rC:        It protects you from cold.
   rElec:     It insulates you from electricity.
   rPois:     It protects you from poison.
   rN:        It protects you from negative energy.
   rCorr:     It protects you from acid and corrosion.
   rMut:      It protects you from mutation.
   Will:      It increases your willpower.
 y - a +1 pair of boots of flying (worn)
 S - the +1 buckler of the World (worn) {Will++}
   (You acquired it on level 9 of the Dungeon)

   Will:      It greatly increases your willpower.
 T - a scarf of resistance (worn)
Magical Staves
 a - a staff of conjuration (weapon)
Jewellery
 t - the amulet "Jietakleugh" (around neck) {RegenMP rN+ MP+9}
   (You bought it in a shop on level 3 of the Snake Pit)

   [amulet of magic regeneration]

   It increases your rate of magic regeneration.
   rN:        It protects you from negative energy.
   MP:        It affects your magic capacity (+9).
 J - the ring "Winodume" (right hand) {rC+ Str+2 Dex+3 Stlth+}
   (You took it off a minotaur in a Gauntlet)

   [ring of protection from cold]

   Str:       It affects your strength (+2).
   Dex:       It affects your dexterity (+3).
   rC:        It protects you from cold.
   Stlth:     It makes you more stealthy.
 R - a ring of magical power (left hand)
Wands
 d - a wand of iceblast (18)
 g - a wand of mindburst (15)
 w - a wand of polymorph (9)
 C - a wand of flame (44)
 E - a wand of paralysis (13)
 H - a wand of digging (8)
 Y - a wand of acid (21)
Scrolls
 q - 6 scrolls of magic mapping
 u - 2 scrolls of fog
 v - a scroll of summoning
 B - 3 scrolls of fear
 D - 7 scrolls of teleportation
 L - 2 scrolls of vulnerability
 N - 2 scrolls of blinking
 Q - a scroll of holy word
 W - 14 scrolls of identify
 Z - 5 scrolls of immolation
Potions
 f - 3 potions of resistance
 h - 2 potions of heal wounds
 j - 2 potions of invisibility
 x - 3 potions of haste
 z - 5 potions of lignification
 A - 2 potions of magic
 G - 8 potions of curing
 K - 2 potions of ambrosia
 M - 7 potions of attraction
Miscellaneous
 s - a box of beasts
 V - a tin of tremorstones (2/2)
 X - a phantom mirror


   Skills:
 - Level 5.0 Fighting
 - Level 5.0 Armour
 - Level 7.0 Dodging
 - Level 9.0 Stealth
 - Level 7.0 Shields
 - Level 16.4 Spellcasting
 - Level 14.0 Conjurations
 - Level 12.0 Hexes
 - Level 9.0 Translocations
 + Level 5.7 Transmutations
 - Level 12.0 Fire Magic
 - Level 7.0 Air Magic
 + Level 13.3 Earth Magic
 - Level 5.0 Poison Magic
 - Level 7.0 Evocations


You had 3 spell levels left.
You knew the following spells:

 Your Spells              Type           Power      Damage    Failure   Level
c - Fulminant Prism       Conj/Hex       47%        3d21      1%          4
d - Iskenderun's Mystic   Conj/Tloc      90%        2d18      1%          4
e - Iron Shot             Conj/Erth      48%        9d9       1%          6
f - Fireball              Conj/Fire      47%        3d19      1%          5
k - Blink                 Tloc           N/A        N/A       1%          2
l - Lee's Rapid Deconstr  Erth           38%        3d20*     1%          5
o - Orb of Destruction    Conj           49%        9d15      2%          7
r - Irradiate             Conj/Tmut      42%        3d27      1%          5
u - Tukima's Dance        Hex            72%        N/A       1%          3
w - Flame Wave            Conj/Fire      95%        3d16      1%          4

Your spell library contained the following spells:

 Spells                   Type           Power      Damage    Failure   Level
 Conjure Ball Lightning   Conj/Air       43%        3x3d15    1%          6
 Magic Dart               Conj           100%       1d8       0%          1
 Searing Ray              Conj           100%       2d8       0%          2
 Apportation              Tloc           100%       N/A       1%          1
 Ensorcelled Hibernation  Hex/Ice        100%       N/A       1%          2
 Dazzling Flash           Conj/Hex       100%       N/A       1%          3
 Gell's Gravitas          Tloc           31%        N/A       1%          3
 Ignite Poison            Fire/Tmut/Pois 58%        N/A       1%          3
 Lesser Beckoning         Tloc           63%        N/A       1%          3
 Mephitic Cloud           Conj/Pois/Air  80%        N/A       1%          3
 Portal Projectile        Hex/Tloc       100%       N/A       1%          3
 Teleport Other           Tloc           63%        N/A       1%          3
 Animate Skeleton         Necr           44%        N/A       3%          1
 Pain                     Necr           88%        1d8       3%          1
 Vampiric Draining        Necr           11%        2d7       10%         3
 Leda's Liquefaction      Hex/Erth       37%        N/A       1%          4
 Silence                  Hex/Air        32%        N/A       1%          5
 Animate Armour           Summ/Erth      100%       N/A       2%          4
 Manifold Assault         Tloc           63%        N/A       2%          5
 Metabolic Englaciation   Hex/Ice        26%        N/A       8%          5
 Summon Mana Viper        Hex/Summ       53%        N/A       8%          5
 Blade Hands              Tmut           26%        N/A       9%          5
 Alistair's Intoxication  Tmut/Pois      33%        N/A       11%         5
 Statue Form              Tmut/Erth      43%        N/A       11%         6
 Agony                    Necr           22%        N/A       67%         5
 Storm Form               Tmut/Air       27%        N/A       91%         7
 Dragon Form              Tmut           26%        N/A       95%         7
 Shatter                  Erth           38%        3d30*     96%         9
 Fire Storm               Conj/Fire      47%        8d12      97%         9
 Malign Gateway           Summ/Tloc      23%        N/A       99%         7
 Summon Horrible Things   Summ           11%        N/A       100%        8
 Chain Lightning          Conj/Air       43%        3d58      100%        9


Dungeon Overview and Level Annotations

Branches:
Dungeon (15/15)            Temple (1/1) D:5            Lair (6/6) D:10
  Swamp (0/4) Lair:4        Snake (4/4) Lair:4        Slime (0/5) Lair:6
    Orc (2/2) D:12            Elf (0/3) Orc:2        Vaults (0/5) D:14
 Depths (0/4) D:15          Sewer (visited)         Gauntlet (visited)

Altars:
Ashenzari
Cheibriados
Elyvilon
Fedhas
Gozag
Hepliaklqana
Kikubaaqudgha
Makhleb
Nemelex Xobeh
Okawaru
Ru
Trog
Uskayaw
Vehumet
Wu Jian
Xom
Yredelemnul
Zin
The Shining One
Beogh

Shops:
D:7 ?   Orc:1 =   Orc:2 *[[(   Snake:3 ::=   Snake:4 *

Portals:
Trove: D:13 (give 12 potions of heal wounds)

Annotations:
Snake:3 1 transporter, Kesiemad's ghost, journeyman GnWz


Message History

Confirm with . or Enter, or press ? or * to list all spells.
You feel a surge of power!
You erupt in a fountain of uncontrolled magic!
Kesiemad's ghost is blasted with magical radiation!!!
Kesiemad's ghost is almost destroyed.
The anaconda is blasted with magical radiation!!!
You kill the anaconda!
Vehumet accepts your kill.
The mana viper is blasted with magical radiation!!!
You kill the mana viper!
Vehumet accepts your kill.
You feel your power returning.
The mana viper is blasted with magical radiation!!!
You kill the mana viper!
Vehumet accepts your kill.
You feel your power returning.
You are very lightly contaminated with residual magic.
The shock serpent is engulfed in noxious fumes.
The shock serpent appears confused.
Kesiemad's ghost shouts, "What do you have that I didn't have?"
Kesiemad's ghost hits you but does no damage.
The shock serpent is engulfed in noxious fumes.
The shock serpent appears confused.
Casting: Irradiate (mildly dangerous; 1% risk of failure)
Confirm with . or Enter, or press ? or * to list all spells.
Casting: Flame Wave (safe; 1% risk of failure)
Press: ? - help, Dir - look around, f - activate You feel a surge of power!
A wave of flame ripples out!
The flame wave engulfs Kesiemad's ghost but does no damage.
Kesiemad's ghost is almost destroyed.
The flame wave engulfs the shock serpent!!
You kill the shock serpent!
Vehumet accepts your kill.
You feel your power returning. (Press . to intensify the flame waves.)
The air sparks with electricity, shocking you!
You resist. Kesiemad's ghost casts a spell at you.
The lance of force hits you!!
You die...

.#####.# ###.......#####.#
.......## #...#####...##..#
#.....#.###.###.©.###..#..#
......##.##.#.......##.#..#####
......###...#...#.#..#.##.....#
#.....####..#...#.#..#.#.######
.......# #.##.#....(##..######
#....#####.#.#..†#.[#....##..##
#..######..# #@☼=!#©...#....#
...###.....##.yW○○#!#...#.....#
##.#.......©#.#☼○.#)##.##.....#
#.........##.†##.#$ #.##.#..##
#.........#...#...#.#.##.####
##.........##....#..##....#
##..........##......#.....##
###..........#####.##......#
###........#.....###.......#


You could see a moth of wrath and Kesiemad's ghost.

Vanquished Creatures
  18 nagarajas
  Agnes (Snake:2)
  An orc warlord (Orc:2)
  A minotaur (Gauntlet)
  3 entropy weavers (Lair:4)
  A fire dragon (Lair:6)
  Harold (D:7)
  4 hydras
  Erolcha (D:11)
  A salamander tyrant (Snake:4)
  2 ogre magi (D:14)
  A rakshasa (D:14)
  2 boulder beetles
  10 naga warriors
  2 catoblepae
  3 ghost crabs (Lair:4)
  2 ice dragons (D:15)
  9 anacondas
  A centaur warrior (D:15)
  2 tengu warriors
  3 two-headed ogres
  13 death yaks
  7 shock serpents
  9 naga sharpshooters
  A deep troll (D:9)
  4 fire crabs (Lair:4)
  2 salamander mystics (Snake:4)
  A lindwurm (Lair:6)
  4 orc knights
  2 necromancers (Gauntlet)
  10 mana vipers
  8 naga ritualists
  4 oklob plants (Lair:6)
  8 ugly things
  8 cyclopes
  3 orc sorcerers (Orc:2)
  7 salamanders
  A wolf spider (shapeshifter) (D:14)
  5 manticores
  A moth of wrath (Snake:3)
  3 elephants (Lair:4)
  Maurice (Orc:2)
  An apocalypse crab (Lair:4)
  5 guardian serpents
  3 molten gargoyles (Lair:6)
  45 black mambas
  2 gargoyles
  8 cane toads
  11 naga magi
  3 freezing wraiths
  An unseen horror (shapeshifter) (D:14)
  2 yaktaurs
  A kobold demonologist (D:12)
  4 rime drakes
  5 efreet
  15 komodo dragons
  A demonic crawler (Lair:6)
  3 tengu conjurers (D:14)
  6 trolls
  A tyrant leech (Lair:6)
  5 polar bears
  11 blink frogs
  A hornet (D:9)
  A dream sheep (Lair:5)
  16 slime creatures
  4 dancing weapons
  5 wyverns
  A vampire (D:9)
  3 wraiths
  46 yaks
  4 steam dragons
  2 wargs (Orc:1)
  9 basilisks
  Menkaure (D:5)
  43 nagas
  4 swamp worms (Lair:6)
  11 water moccasins
  5 hell hounds (Lair:6)
  2 acid dragons
  2 large abominations (Gauntlet)
  Duvessa (D:7)
  2 ice beasts (D:6)
  42 orc warriors
  A sky beast (D:5)
  2 necrophages
  A black bear (Lair:1)
  16 centaurs
  11 ogres
  60 wolves
  A phantom (D:5)
  7 kobold brigands
  10 bullfrogs
  2 scorpions (D:6)
  6 small abominations (Gauntlet)
  Dowan (D:7)
  10 killer bees (D:7)
  3 wights (D:9)
  3 howler monkeys
  A crimson imp (D:7)
  6 lava snakes
  3 centaur zombies
  A bullfrog skeleton (D:6)
  4 hounds
  23 orc priests
  2 centaur skeletons
  6 jellies
  4 gnoll shamans
  2 iguanas
  Ijyb (D:3)
  34 orc wizards
  A killer bee zombie (D:9)
  A hound zombie (D:5)
  A hound skeleton (D:5)
  24 gnolls
  6 adders
  2 river rats (D:4)
  2 shadow imps (D:8)
  2 white imps (D:6)
  An ufetubus (D:6)
  An adder zombie (D:5)
  An adder skeleton (D:4)
  5 worms
  112 orcs
  6 ball pythons
  16 endoplasms
  7 giant cockroaches
  11 goblins
  4 hobgoblins
  7 jackals
  8 quokkas
  14 bats
  4 frilled lizards
  20 kobolds
  11 rats
  A fulminant prism (D:15)
998 creatures vanquished.

Vanquished Creatures (collateral kills)
  2 centaur warriors (D:14)
2 creatures vanquished.

Vanquished Creatures (others)
  2 dancing weapons
  A wyvern (D:8)
  An orc wizard (D:7)
  A bush (Lair:5)
  224 fulminant prisms
  83 fungi
  84 plants
  13 toadstools
  3 withered plants (Gauntlet)
412 creatures vanquished.

Grand Total: 1412 creatures vanquished

Notes
Turn   | Place    | Note
-------+----------+-------------------------------------------
     0 | D:1      | porpoise the Deep Elf Conjurer began the quest for the Orb.
     0 | D:1      | Reached XP level 1. HP: 10/10 MP: 6/6
   191 | D:1      | Reached XP level 2. HP: 15/15 MP: 4/8
   246 | D:1      | Learned a level 2 spell: Searing Ray
  1323 | D:2      | Reached skill level 4 in Spellcasting
  1396 | D:2      | Reached XP level 3. HP: 19/19 MP: 5/10
  1439 | D:2      | Reached skill level 5 in Conjurations
  1487 | D:2      | Found a faded altar of an unknown god.
  2542 | D:3      | Reached XP level 4. HP: 24/24 MP: 8/12
  2550 | D:3      | Learned a level 4 spell: Fulminant Prism
  2555 | D:3      | Learned a level 4 spell: Iskenderun's Mystic Blast
  2611 | D:3      | Noticed Ijyb
  2621 | D:3      | Killed Ijyb
  2622 | D:3      | Reached skill level 5 in Spellcasting
  2622 | D:3      | Reached skill level 1 in Hexes
  2957 | D:3      | Found a glowing golden altar of the Shining One.
  3500 | D:3      | Found a snail-covered altar of Cheibriados.
  3510 | D:3      | Found a blossoming altar of Fedhas.
  3526 | D:3      | Found a hazy altar of Hepliaklqana.
  3538 | D:3      | Found a broken altar of Ashenzari.
  3541 | D:3      | Reached XP level 5. HP: 28/28 MP: 10/14
  3788 | D:3      | Found a bloodstained altar of Trog.
  4007 | D:4      | Noticed a yak
  4007 | D:4      | Noticed a yak
  4007 | D:4      | Noticed a yak
  4007 | D:4      | Noticed a yak
  4020 | D:3      | Killed a yak
  4021 | D:3      | Reached skill level 6 in Spellcasting
  4021 | D:3      | Reached XP level 6. HP: 24/32 MP: 6/17
  4173 | D:4      | Found a glowing drain.
  4181 | Sewer    | Entered a sewer
  4669 | Sewer    | Identified 2 scrolls of acquirement
  4669 | Sewer    | Acquired a +1 pair of boots of flying
  4676 | Sewer    | Acquired a staff of conjuration
  5183 | D:4      | Killed a yak
  5184 | D:4      | Reached skill level 7 in Spellcasting
  5323 | D:4      | Reached XP level 7. HP: 36/36 MP: 14/19
  6014 | D:4      | Killed a yak
  6017 | D:4      | Killed a yak
  6242 | D:5      | Entered Level 5 of the Dungeon
  6697 | D:5      | Reached XP level 8. HP: 41/41 MP: 16/20
  7219 | D:5      | Noticed Menkaure
  7221 | D:5      | Killed Menkaure
  7222 | D:5      | Reached skill level 5 in Translocations
  7262 | D:5      | Found a staircase to the Ecumenical Temple.
  7267 | Temple   | Entered the Ecumenical Temple
  7286 | Temple   | Became a worshipper of Vehumet
  7428 | D:5      | Reached skill level 1 in Fighting
  7784 | D:5      | Reached skill level 8 in Spellcasting
  8517 | D:6      | Noticed a slime creature
  8517 | D:6      | Noticed a slime creature
  8517 | D:6      | Noticed a slime creature
  8525 | D:6      | Reached skill level 9 in Spellcasting
  8543 | D:6      | Reached XP level 9. HP: 51/51 MP: 9/24
  8729 | D:6      | Reached * piety under Vehumet
  8729 | D:6      | Offered knowledge of Foxfire by Vehumet.
  8935 | D:6      | Found a hide-covered altar of Uskayaw.
  8943 | D:6      | Identified the +2 robe of Pofemeth {rElec rPois Str-4}
  9047 | D:6      | Reached skill level 5 in Fighting
  9060 | D:6      | HP: 1/54 [slime creature (9)]
 10027 | D:7      | Found a sacrificial altar of Ru.
 10152 | D:7      | Reached skill level 5 in Dodging
 10863 | D:7      | Noticed Harold
 10887 | D:7      | Killed Harold
 10888 | D:7      | Reached XP level 10. HP: 56/59 MP: 5/25
 11344 | D:7      | Found a burning altar of Makhleb.
 11347 | D:7      | Found a shimmering altar of Xom.
 11422 | D:7      | Found Sewi's Magic Scroll Shop.
 11708 | D:7      | Noticed Dowan
 11711 | D:7      | Noticed Duvessa
 11711 | D:7      | Killed Dowan
 11714 | D:7      | Killed Duvessa
 11715 | D:7      | Reached skill level 10 in Spellcasting
 11935 | D:7      | Found a sparkling altar of Nemelex Xobeh.
 12292 | D:7      | Bought a scroll of teleportation for 42 gold pieces
 12292 | D:7      | Bought a scroll of blinking for 105 gold pieces
 12292 | D:7      | Bought a scroll of identify for 28 gold pieces
 12292 | D:7      | Bought a scroll of identify for 28 gold pieces
 13096 | D:8      | Reached skill level 11 in Spellcasting
 13096 | D:8      | Reached skill level 5 in Evocations
 13122 | D:8      | Learned a level 3 spell: Tukima's Dance
 13133 | D:8      | Reached ** piety under Vehumet
 13133 | D:8      | Offered knowledge of Scorch by Vehumet.
 14098 | D:8      | Reached skill level 5 in Stealth
 14366 | D:8      | Found an ornate altar of the Wu Jian Council.
 14818 | D:9      | Reached skill level 12 in Spellcasting
 15243 | D:9      | Reached XP level 11. HP: 63/63 MP: 10/29
 15491 | D:9      | Noticed an orc knight
 15506 | D:9      | Killed an orc knight
 15547 | D:9      | Offered knowledge of Mephitic Cloud by Vehumet.
 15697 | D:9      | Acquired the +1 buckler of the World {Will++}
 16024 | D:9      | Noticed a deep troll
 16033 | D:9      | Killed a deep troll
 16034 | D:9      | Reached skill level 1 in Shields
 16214 | D:9      | Identified the +0 ring mail "Hixzit" {rN+ Regen+}
 16218 | D:9      | Identified the +2 plate armour "Tuibapp" {Rampage Str+9
                  | Dex+3}
 16223 | D:9      | Got Bat Sybboa's Papyrus of Enchanting Translocation
 16227 | D:9      | Learned a level 2 spell: Blink
 16570 | D:9      | Learned a level 3 spell: Mephitic Cloud
 16976 | D:10     | Entered Level 10 of the Dungeon
 17008 | D:10     | Found a staircase to the Lair.
 17282 | D:10     | Noticed a two-headed ogre
 17288 | D:10     | Killed a two-headed ogre
 17288 | D:10     | Reached *** piety under Vehumet
 17357 | D:10     | Noticed a two-headed ogre
 17363 | D:10     | Killed a two-headed ogre
 17682 | D:10     | Offered knowledge of Conjure Flame by Vehumet.
 19043 | D:11     | Noticed Erolcha
 19064 | D:11     | Killed Erolcha
 19292 | D:11     | Reached skill level 10 in Hexes
 19742 | D:11     | Reached XP level 12. HP: 34/68 MP: 30/30
 19753 | D:11     | Reached skill level 13 in Spellcasting
 20661 | Lair:1   | Entered Level 1 of the Lair of Beasts
 21095 | Lair:1   | Reached skill level 14 in Spellcasting
 21339 | Lair:1   | Reached **** piety under Vehumet
 21340 | Lair:1   | Reached skill level 1 in Poison Magic
 21919 | Lair:1   | Reached skill level 1 in Air Magic
 22564 | Lair:2   | Offered knowledge of Lightning Bolt by Vehumet.
 23585 | Lair:1   | Reached skill level 5 in Poison Magic
 24221 | Lair:2   | Reached skill level 5 in Air Magic
 24830 | Lair:2   | Noticed a catoblepas
 24846 | Lair:2   | Killed a catoblepas
 25351 | Lair:3   | Reached ***** piety under Vehumet
 25483 | Lair:2   | Upgraded the game from 0.28-a0-631-g0446da8ef9 to
                  | 0.28-a0-643-g84cb2ea78e
 25646 | Lair:3   | Reached XP level 13. HP: 72/72 MP: 33/33
 25726 | Lair:3   | Offered knowledge of Flame Wave by Vehumet.
 25732 | Lair:3   | Learned a level 4 spell: Flame Wave
 25736 | Lair:3   | You are sucked into a shaft and drop 2 floors!
 25796 | Lair:4   | Reached skill level 1 in Fire Magic
 26098 | Lair:4   | Found a staircase to the Swamp.
 26108 | Lair:4   | Reached skill level 15 in Spellcasting
 27629 | Lair:4   | Found a runed translucent door.
 27736 | Lair:4   | Noticed an entropy weaver
 27742 | Lair:4   | Killed an entropy weaver
 28293 | Lair:4   | Reached skill level 5 in Fire Magic
 28619 | Lair:4   | Noticed an entropy weaver
 28628 | Lair:4   | Killed an entropy weaver
 28629 | Lair:4   | Reached skill level 16 in Spellcasting
 28652 | Lair:4   | Noticed an entropy weaver
 28662 | Lair:4   | Killed an entropy weaver
 29004 | Lair:4   | Identified the +8 quarterstaff of Exoneration {pain,
                  | Fragile rN+++ Will- MP+9}
 29164 | Lair:4   | Found a staircase to the Snake Pit.
 31031 | Lair:5   | Learned a level 6 spell: Iron Shot
 31516 | D:12     | Found a gate leading to a gauntlet.
 31544 | Gauntlet | Entered a Gauntlet
 31544 | Gauntlet | Found a transporter.
 31557 | Gauntlet | Found a transporter.
 31568 | Gauntlet | Found a transporter.
 31573 | Gauntlet | Found a transporter.
 31590 | Gauntlet | Found a transporter.
 31607 | Gauntlet | Noticed a reaper
 31609 | Gauntlet | Found a transporter.
 31618 | Gauntlet | Noticed a reaper
 31621 | Gauntlet | Found a transporter.
 31633 | Gauntlet | Found a transporter.
 31639 | Gauntlet | Found a transporter.
 31639 | Gauntlet | Found a transporter.
 31653 | Gauntlet | Found the -2 hat of the Alchemist {rElec rPois rF+ rC+ rN+
                  | Will+ rMut rCorr}
 31654 | Gauntlet | Found a transporter.
 31666 | Gauntlet | Found a transporter.
 31683 | Gauntlet | Found a transporter.
 31701 | Gauntlet | Found a transporter.
 31703 | Gauntlet | Found a transporter.
 31728 | Gauntlet | Found a transporter.
 31730 | Gauntlet | Found a transporter.
 31750 | Gauntlet | Found a transporter.
 32015 | Gauntlet | Reached skill level 1 in Earth Magic
 32172 | Gauntlet | Reached XP level 14. HP: 76/78 MP: 36/36
 32277 | Gauntlet | Identified the ring "Winodume" {rC+ Str+2 Dex+3 Stlth+}
 32725 | D:12     | Learned a level 5 spell: Lee's Rapid Deconstruction
 33580 | D:12     | Found a staircase to the Orcish Mines.
 34779 | D:13     | Reached skill level 5 in Earth Magic
 34956 | D:13     | Found a white marble altar of Elyvilon.
 34993 | D:13     | Identified the +1 chain mail of Vuromej {Str+4 Stlth+}
 35090 | D:13     | Found a portal to a secret trove of treasure.
 36255 | D:14     | Offered knowledge of Iskenderun's Battlesphere by Vehumet.
 36256 | D:14     | Reached skill level 10 in Conjurations
 37085 | D:14     | Found a gate to the Vaults.
 37388 | D:15     | Entered Level 15 of the Dungeon
 37395 | D:15     | Identified the +0 scale mail of Guanit {rPois Str+3 Dex+4}
 38226 | D:15     | Found a staircase to the Depths.
 38454 | D:15     | Found a broken altar of Ashenzari.
 38572 | D:15     | Reached XP level 15. HP: 48/82 MP: 37/37
 39223 | Orc:1    | Entered Level 1 of the Orcish Mines
 39297 | Orc:2    | Entered Level 2 of the Orcish Mines
 39606 | Orc:2    | Found a staircase to the Elven Halls.
 39914 | Orc:2    | Noticed Maurice
 39927 | Orc:2    | Killed Maurice
 40449 | Orc:1    | Offered knowledge of Starburst by Vehumet.
 41686 | Orc:2    | Found Jefeos's Armour Shoppe.
 41692 | Orc:2    | Bought a +1 pair of gloves of dexterity for 181 gold pieces
 42917 | Orc:1    | Found Vaawn's Jewellery Shop.
 42919 | Orc:1    | Found a burning altar of Makhleb.
 44173 | Orc:2    | Reached skill level 10 in Fire Magic
 44334 | Orc:2    | Found Hekkiank's Assorted Antiques.
 44550 | Orc:2    | Bought a golden ring for 120 gold pieces
 44955 | Orc:2    | Reached ****** piety under Vehumet
 45139 | Orc:2    | Noticed an orc warlord
 45152 | Orc:2    | Killed an orc warlord
 45152 | Orc:2    | Offered knowledge of Orb of Destruction by Vehumet.
 45170 | Orc:2    | Learned a level 7 spell: Orb of Destruction
 45228 | Orc:2    | Found Juixzud's Antique Armour Shoppe.
 45240 | Orc:2    | Found Figoerph's Antique Weapon Emporium.
 45523 | Lair:6   | Entered Level 6 of the Lair of Beasts
 45579 | Lair:6   | Got the Grimoire of Mutagenic Translocation
 46226 | Lair:6   | Found a staircase to the Slime Pits.
 47742 | Lair:6   | Reached skill level 1 in Armour
 48538 | Lair:6   | Found a large runed translucent door.
 48709 | Lair:6   | Offered knowledge of Fireball by Vehumet.
 48803 | Lair:6   | Found a large runed translucent door.
 49241 | Snake:1  | Entered Level 1 of the Snake Pit
 50417 | Snake:1  | Learned a level 5 spell: Fireball
 50433 | Snake:1  | Reached XP level 16. HP: 64/87 MP: 24/38
 50813 | Snake:1  | Reached skill level 5 in Shields
 51083 | Snake:2  | Noticed Agnes
 51093 | Snake:2  | Killed Agnes
 52295 | Snake:2  | Acquired 578 gold pieces
 52717 | Snake:3  | Found a transporter.
 52726 | Snake:3  | Found the +0 mask of the Dragon {Will+ Slay+3 SInv}
 52727 | Snake:3  | Noticed Kesiemad's ghost (journeyman GnWz)
 52761 | Snake:3  | Found a transporter.
 53853 | Snake:3  | Found Lucwuita's Jewellery Shop.
 53853 | Snake:3  | Found Kewkajil's Book Shoppe.
 53854 | Snake:3  | Found Longazuh's Book Shoppe.
 53860 | Snake:3  | Bought a book of Transfigurations for 520 gold pieces
 53867 | Snake:3  | Bought the amulet "Jietakleugh" {RegenMP rN+ MP+9} for 961
                  | gold pieces
 53972 | Snake:3  | Bought a book of Annihilations for 960 gold pieces
 54991 | Snake:4  | Entered Level 4 of the Snake Pit
 55019 | Snake:4  | Found Aleer's Gadget Gallery.
 55324 | Snake:4  | Identified the +5 hunting sling "Spider's Regret" {freeze,
                  | rElec Will++ Dex-5 Stlth+}
 55411 | Snake:4  | Reached skill level 10 in Earth Magic
 56005 | Snake:4  | Reached skill level 5 in Armour
 56107 | Snake:4  | Offered knowledge of Conjure Ball Lightning by Vehumet.
 56560 | Snake:4  | Reached XP level 17. HP: 36/92 MP: 39/39
 57088 | D:7      | Bought a scroll of amnesia for 49 gold pieces
 57088 | D:7      | Bought a scroll of amnesia for 49 gold pieces
 57339 | Lair:1   | Learned a level 5 spell: Irradiate
 57538 | Snake:4  | Reached skill level 1 in Transmutations
 58716 | Snake:4  | Got a serpentine rune of Zot
 58960 | Snake:4  | Reached skill level 5 in Transmutations
 59522 | Snake:3  | Killed from afar by Kesiemad's ghost

Illustrated notes

Levels and vault maps discovered:
D:1:      psy_arrival_conway, layout_basic
D:2:      layout_rooms, chequers_ecumenical_altar_simple, serial_corexii_hall,
          corexii_hall_statues_u, corexii_hall_statues_t,
          chequers_hall_statues_y, corexii_hall_statues_i,
          kennysheep_generic_room_5
D:3:      kennysheep_goblin_castle, layout_loops_ring,
          grunt_temple_overflow_cloverleaf, trog_book, tso_altar,
          serial_bayou_pond_e
D:4:      layout_basic, portal_sewer_entry_e
D:5:      layout_basic, minmay_temple_entry_nine_rooms, uniq_menkaure
D:6:      cheibrodos_fertilizer, layout_rooms, nicolae_overflow_crystal_walls
D:7:      layout_loops_ring, grunt_temple_overflow_champion_of_chaos,
          mainiacjoe_overflow_paths, hangedman_ru_absence, serial_shops,
          nicolae_shop_behind_doors, grunt_ministairs_15, uniq_harold,
          uniq_duvessa
D:8:      kennysheep_seaside_town, layout_loops_ring,
          pdpol_wu_jian_five_deadly_venoms, sigmund_army
D:9:      minmay_the_grid_plus_closed [minmay_the_grid_holed_spiral,
          minmay_the_grid_rooms, minmay_the_grid_small_cups,
          minmay_the_grid_armoury, minmay_the_grid_prize_diamond_cup],
          layout_gridville, kennysheep_opposing_triangles
D:10:     layout_gridville, lair_entry_dummy
D:11:     layout_stronghold, uniq_erolcha
D:12:     layout_roguey, hiddenorc1_lemuel, gauntlet_entry_generic
D:13:     layout_basic, nicolae_trove_entry_crystal, elyvilon_altar_1
D:14:     minmay_concentric_multi, layout_cave_pools, erik_vaults_1
D:15:     grunt_enter_depths_hoard, layout_small_grid, evilmike_ruin_ashenzari,
          minmay_gold_behind_fungi
Temple:   eino_wide_crystal_templ
Lair:1:   layout_regular_city, grunt_megastairs_1
Lair:2:   layout_chaotic_city, grunt_forest_large_clearings,
          lemuel_fruit_fields, lemuel_fruit_tree, grunt_megastairs_3,
          infiniplex_staircase_pool
Lair:3:   layout_loops_ring
Lair:4:   gammafunk_mikee_crab_dinner, layout_regular_city, swamp_mist_pool,
          guppyfry_snake_entry_garden, grunt_megastairs_5
Lair:5:   layout_cave_pods, chequers_serial_rivers_micro_b,
          grunt_forest_large_clearing_hut
Lair:6:   cheibrodos_lair_end_hotspot, layout_regular_city,
          minmay_slime_entry_oklob_enclosed, st_stairs_11, worms_lemuel
Snake:1:  layout_grid_maze, drop_trap
Snake:2:  layout_rooms, uniq_agnes
Snake:3:  layout_chambers, gammafunk_ghost_berserking_beasts, minmay_shop_grove
Snake:4:  grunt_snake_rune_spirals, layout_onion_interference, special_room,
          nicolae_shop_gadgets
Orc:1:    layout_diamond_mine, basic_altar, serial_shops, nicolae_shop_crystal
Orc:2:    grunt_orc_community_town_hall, layout_caves,
          grunt_orc_community_big_house_1, grunt_orc_community_big_house_2,
          grunt_orc_community_house_1, grunt_orc_community_house_2,
          grunt_orc_community_house_3, grunt_orc_community_house_2,
          grunt_orc_community_house_1, uniq_maurice

Skill      XL: |  1  2  3  4  5  6  7  8  9 10 11 12 13 14 15 16 17 |
---------------+----------------------------------------------------+-----
Spellcasting   | 4 5 6 7 9 12 14 16 | 16.4
Conjurations   | 5 6 7 9 12 14 | 14.0
Hexes          | 2 4 6 7 10 12 | 12.0
Translocations | 4 5 7 9 |  9.0
Fighting       | 3 5 |  5.0
Dodging        | 7 |  7.0
Evocations     | 2 5 7 |  7.0
Stealth        | 6 7 9 |  9.0
Shields        | 4 7 |  7.0
Poison Magic   | 5 |  5.0
Air Magic      | 5 7 |  7.0
Fire Magic     | 8 9 12 | 12.0
Earth Magic    | 2 9 12 13 | 13.3
Armour         | 3 5 |  5.0
Transmutations | 5 |  5.7

Action                   |  1- 3 |  4- 6 |  7- 9 | 10-12 | 13-15 | 16-18 || total
-------------------------+-------+-------+-------+-------+-------+-------++-------
Melee: Spear             |     2 |       |       |       |       |       ||     2
       Staff             |       |       |     3 |     9 |     2 |       ||    14
 Fire: Hunting sling     |       |    12 |    47 |    82 |   192 |    19 ||   352
Throw: Dart              |       |       |       |       |     5 |       ||     5
       Boomerang         |       |       |       |       |     1 |       ||     1
 Cast: Magic Dart        |    57 |    41 |     5 |     5 |     1 |       ||   109
       Searing Ray       |    12 |    24 |    62 |   114 |   151 |    10 ||   373
       Fulminant Prism   |       |     1 |    17 |    88 |   104 |    15 ||   225
       Iskenderun's Myst |       |       |    20 |    74 |   155 |    23 ||   272
       Mephitic Cloud    |       |       |       |     4 |    38 |       ||    42
       Tukima's Dance    |       |       |       |     1 |    13 |     9 ||    23
       Flame Wave        |       |       |       |       |    19 |     4 ||    23
       Iron Shot         |       |       |       |       |   181 |   150 ||   331
       Lee's Rapid Decon |       |       |       |       |    60 |    11 ||    71
       Orb of Destructio |       |       |       |       |     7 |    27 ||    34
       Fireball          |       |       |       |       |     2 |    22 ||    24
       Irradiate         |       |       |       |       |       |     3 ||     3
Evoke: Wand              |       |     1 |     3 |     4 |       |     1 ||     9
       Tin of tremorston |       |       |       |       |     1 |       ||     1
  Use: Scroll            |       |     7 |     5 |    15 |     7 |     4 ||    38
       Potion            |       |       |     3 |       |     2 |     1 ||     6
 Stab: Paralysed         |       |       |       |     7 |       |       ||     7
Armor: Robe              |     1 |     9 |    21 |    36 |     8 |       ||    75
       Steam dragon scal |       |       |       |       |    10 |       ||    10
       Acid dragon scale |       |       |       |       |    13 |    20 ||    33
Dodge: Dodged            |     7 |    23 |    47 |   129 |   114 |    52 ||   372
Block: Buckler           |       |       |       |    54 |    45 |    20 ||   119
       Reflection        |       |       |       |     4 |       |       ||     4

Table legend: (Time is in decaauts)
 A = Elapsed time spent in this place.
 B = Non-inter-level travel time spent in this place.
 C = Inter-level travel time spent in this place.
 D = Time resting spent in this place.
 E = Time spent auto-exploring this place.
 F = Levels seen in this place.
 G = Mean time per level.
                   A        B        C        D        E       F      G
               +--------+--------+--------+--------+--------+-----+--------+
         Total |  59689 |  56770 |   2919 |  31922 |  15330 |  30 | 1989.6 |
       Dungeon |  26838 |  25528 |   1310 |  14066 |   8138 |  15 | 1789.2 |
        Temple |     34 |     19 |     15 |      0 |      7 |   1 |   34.0 |
          Lair |  15203 |  14312 |    891 |   7997 |   3323 |   6 | 2533.8 |
     Snake Pit |   9641 |   9098 |    543 |   5380 |   2404 |   4 | 2410.2 |
  Orcish Mines |   6156 |   5997 |    159 |   3907 |    922 |   2 | 3078.0 |
         Sewer |    894 |    894 |      0 |    324 |    232 |   1 |  894.0 |
      Gauntlet |    920 |    920 |      0 |    247 |    303 |   1 |  920.0 |
               +--------+--------+--------+--------+--------+-----+--------+

Top non-repeatable levels by time:
   Orc:2: 4867 daAuts
 Snake:4: 3563 daAuts
  Lair:1: 3495 daAuts
  Lair:6: 3433 daAuts
  Lair:4: 3026 daAuts
     D:9: 2691 daAuts
     D:6: 2515 daAuts
 Snake:1: 2382 daAuts
    D:11: 2152 daAuts
  Lair:2: 2141 daAuts
     D:7: 2040 daAuts
     D:8: 2000 daAuts
     D:3: 1963 daAuts
 Snake:3: 1935 daAuts
    D:12: 1856 daAuts
